Map: Ever Dream LE

Players

lllllllllll (sOs) - Winner!

  • Race: Protoss Protoss
  • League: Grandmaster
  • Spawn Location: 1:00

DPGCure (Cure)

  • Race: Terran Terran
  • Spawn Location: 7:00

Event: War Chest Team League

VOD

Have the link to the VOD?

Description

Time

  • Played on: July 31, 2020, 10 a.m.
  • Length: 16:49
Show
View Real Time Build Order
Export as new Build Order

lllllllllll Protoss - Winner!

Build Orders: 1 Gate Expand, Blink Stalkers, Colossus Rush 

Get SALT Encoding   

  12  0:00  Probe  
  13  0:12  Probe  
  14  0:17  Pylon  
  14  0:24  Probe (Chrono Boost)  
  15  0:36  Probe (Chrono Boost)  
  15  0:37  Gateway  
  16  0:44  Probe (Chrono Boost)  
  16  0:46  Assimilator  
  17  0:51  Probe  
  18  1:03  Probe  
  19  1:15  Probe  
  20  1:25  Cybernetics Core  
  20  1:31  Nexus  
  20  1:34  Probe  
  21  1:42  Pylon  
  21  1:46  Probe  
  22  1:52  Assimilator  
  22  1:58  Stalker (Chrono Boost)  
  22  1:59  Probe  
  24  2:03  Warp Gate  
  24  2:11  Probe  
  25  2:20  Stalker  
  27  2:23  Probe  
  28  2:35  Probe  
  29  2:37  Twilight Council  
  29  2:48  Probe (Chrono Boost)  
  29  2:49  Probe (Chrono Boost)  
  31  2:57  Stalker  
  33  3:03  Probe (Chrono Boost)  
  33  3:04  Probe (Chrono Boost)  
  35  3:06  Blink (Chrono Boost)  
  35  3:09  Probe (Chrono Boost)  
  35  3:11  Probe  
  37  3:13  Gateway  
  37  3:25  Probe x2  
  39  3:37  Probe  
  39  3:38  Probe  
  39  3:44  Pylon  
  39  3:47  Shield Battery  
  39  3:49  Assimilator  
  39  3:50  Probe x2  
  39  3:51  Stalker  
  39  3:52  Robotics Facility  
  43  4:02  Probe x2  
  45  4:03  Shield Battery  
  45  4:08  Stalker  
  47  4:13  Pylon  
  47  4:14  Probe x2  
  49  4:19  Stalker  
  51  4:24  Assimilator  
  51  4:26  Probe x2  
  53  4:33  Stalker  
  53  4:38  Probe x2  
  55  4:50  Probe x2, Observer (Chrono Boost)  
  55  4:52  Robotics Bay  
  58  5:02  Probe x2  
  58  5:03  Nexus  
  58  5:04  Pylon  
  58  5:06  Forge  
  60  5:08  Observer (Chrono Boost)  
  60  5:13  Pylon  
  61  5:15  Probe  
  62  5:21  Gateway  
  62  5:22  Probe  
  63  5:34  Observer  
  63  5:36  Colossus (Chrono Boost)  
  63  5:37  Probe x2  
  63  5:39  Protoss Ground Weapons Level 1 (Chrono Boost)  
  71  5:43  Gateway  
  71  5:44  Observer  
  71  5:48  Gateway, Charge  
  71  5:50  Gateway  
  71  5:51  Observer  
  71  5:59  Observer  
  71  6:00  Probe x2  
  71  6:01  Sentry  
  75  6:05  Observer  
  75  6:08  Pylon  
  75  6:12  Gateway  
  75  6:13  Extended Thermal Lance, Gateway  
  73  6:20  Colossus (Chrono Boost)  
  73  6:22  Probe  
  73  6:24  Probe  
  73  6:25  Observer  
  81  6:28  Probe  
  82  6:37  Sentry x2  
  82  6:39  Shield Battery  
  86  6:42  Probe x2  
  86  6:43  Probe  
  89  6:52  Pylon, Zealot  
  89  6:53  Zealot x3  
  97  6:55  Pylon  
  97  6:57  Probe x3  
  100  7:03  Gateway  
  100  7:04  Pylon  
  100  7:08  Colossus (Chrono Boost)  
  100  7:13  Pylon  
  106  7:21  Zealot  
  106  7:22  Zealot x2  
  112  7:24  Zealot  
  112  7:28  Pylon  
  114  7:34  Forge  
  114  7:39  Dark Shrine  
  114  7:40  Protoss Ground Weapons Level 2 (Chrono Boost)  
  114  7:52  Nexus  
  114  8:01  Warp Prism (Chrono Boost)  
  114  8:03  Zealot x4  
  114  8:04  Zealot x3  
  130  8:07  Observer  
  130  8:08  Zealot  
  130  8:09  Zealot  
  132  8:20  Protoss Ground Armor Level 1 (Chrono Boost), Pylon  
  132  8:23  Robotics Facility  
  132  8:24  Observer  
  132  8:32  Observer  
  132  8:33  Colossus (Chrono Boost)  
  132  8:35  Observer  
  132  8:39  Observer  
  138  8:47  Zealot x5  
  148  8:52  Shadow Stride  
  148  8:53  Pylon  
  148  8:55  Pylon  
  145  9:10  Disruptor  
  145  9:16  Probe x4  
  152  9:19  Photon Cannon  
  152  9:20  Shield Battery  
  152  9:21  Pylon  
  152  9:23  Stalker x2  
  152  9:24  Stalker x2, Zealot x5  
  166  9:40  Disruptor (Chrono Boost)  
  169  9:45  Disruptor (Chrono Boost)  
  156  9:54  Zealot x7  
  156  9:55  Zealot x2  
  166  10:11  Disruptor (Chrono Boost)  
  165  10:23  Stalker x2  
  165  10:24  Zealot x3  
  131  10:46  Dark Templar  
  131  10:47  Dark Templar x4  
  131  10:48  Zealot x3  
  111  11:55  Pylon  
  111  11:56  Nexus  
  111  11:57  Pylon  
  111  11:58  Pylon x2  
  111  11:59  Pylon  
  111  12:01  Pylon  
  111  12:03  Pylon  
  111  12:14  Zealot x2  
  111  12:15  Zealot x2  
  119  12:16  Zealot  
  119  12:36  Zealot x5  
  121  12:57  Zealot  
  121  12:58  Zealot x4  
  107  13:11  Probe  
  108  13:16  Gateway  
  108  13:19  Gateway  
  108  13:20  Cybernetics Core, Zealot x5  
  116  13:40  Probe, Zealot x3  
  116  13:41  Zealot x2  
  103  14:04  Pylon  
  103  14:10  Twilight Council  
  103  14:14  Probe  
  103  14:15  Stalker x7  
  91  14:46  Dark Shrine  
  89  15:49  Gateway, Probe  
  84  15:58  Dark Templar x2  
  84  15:59  Dark Templar x5  
Show
View Real Time Build Order
Export as new Build Order

DPGCure Terran 

Build Orders: Hellion Opening 

Get SALT Encoding   

  12  0:00  SCV  
  13  0:12  SCV  
  14  0:17  Supply Depot  
  14  0:24  SCV  
  15  0:38  SCV  
  15  0:40  Barracks  
  15  0:42  Refinery  
  16  0:50  SCV  
  17  1:02  SCV  
  18  1:15  SCV  
  19  1:27  Marine, Orbital Command  
  20  1:40  Command Center  
  20  1:45  Barracks Reactor  
  20  1:53  SCV  
  21  2:06  Supply Depot  
  21  2:07  Factory  
  21  2:08  SCV  
  22  2:20  SCV  
  23  2:23  Refinery  
  23  2:27  Marine x2  
  25  2:32  SCV  
  27  2:44  SCV  
  27  2:52  Starport, Orbital Command  
  27  2:54  Marine  
  27  2:57  Hellion x2  
  32  2:59  SCV  
  33  3:12  Marine, SCV  
  35  3:19  Hellion x2  
  39  3:24  SCV  
  39  3:30  Medivac  
  39  3:31  SCV  
  39  3:33  Supply Depot  
  42  3:36  SCV  
  40  3:41  Barracks Tech Lab  
  40  3:42  Hellion x2  
  40  3:45  SCV  
  45  3:49  Bunker  
  45  3:54  SCV  
  46  3:57  SCV  
  47  4:07  SCV  
  48  4:10  Starport Tech Lab  
  48  4:11  SCV  
  48  4:15  Marine x2  
  48  4:16  Siege Tank  
  54  4:18  Supply Depot  
  54  4:20  Supply Depot  
  54  4:35  Barracks  
  54  4:39  Raven, SCV x2  
  52  4:46  Marine x2  
  52  4:51  SCV x2, Siege Tank  
  53  4:55  Barracks  
  53  4:57  Engineering Bay  
  53  4:59  Refinery  
  53  5:03  SCV x2  
  53  5:04  Marine x2  
  57  5:15  SCV x2  
  57  5:20  Supply Depot  
  58  5:28  Marine, SCV x2  
  59  5:29  Marine  
  59  5:30  Stimpack, Marine  
  59  5:31  Siege Tank  
  59  5:35  Starport Reactor  
  64  5:40  SCV  
  64  5:41  SCV, Refinery  
  66  5:43  Terran Infantry Weapons Level 1  
  66  5:47  Supply Depot x2  
  66  5:49  Barracks Tech Lab, Marine x2  
  66  5:50  Marine  
  66  5:52  SCV  
  66  5:55  SCV  
  71  6:03  Command Center  
  71  6:06  SCV  
  71  6:07  SCV  
  73  6:13  Marauder x2, Marine x2  
  73  6:14  Combat Shield  
  78  6:20  SCV x2  
  78  6:22  Supply Depot  
  78  6:23  Medivac  
  78  6:24  Medivac  
  84  6:33  Marine x2  
  84  6:34  Marauder, Supply Depot  
  84  6:37  Marauder  
  90  6:41  Siege Tank  
  93  6:49  Barracks  
  93  6:52  Barracks, SCV  
  93  6:53  SCV  
  95  6:55  Supply Depot  
  95  6:58  Marauder  
  95  7:00  Marauder  
  99  7:01  Marine  
  99  7:02  Marine  
  99  7:06  Medivac  
  103  7:08  Medivac  
  103  7:14  SCV  
  103  7:15  SCV  
  107  7:20  Siege Tank  
  109  7:23  Marauder x2, Marine x2  
  115  7:30  SCV x2  
  117  7:40  Barracks Reactor, Barracks Tech Lab  
  117  7:43  Orbital Command, Missile Turret  
  117  7:45  Marauder  
  117  7:46  Marauder, Missile Turret  
  117  7:47  Terran Infantry Armor Level 1  
  117  7:48  Marine  
  117  7:49  Marine  
  123  7:54  Siege Tank  
  120  8:02  Viking, SCV x2  
  120  8:04  Viking  
  126  8:11  Supply Depot  
  126  8:12  Marine  
  129  8:13  Marauder x3, Marine  
  129  8:17  SCV x2  
  133  8:21  Supply Depot  
  133  8:26  Concussive Shells  
  133  8:28  Supply Depot  
  133  8:31  Supply Depot  
  133  8:33  Siege Tank, SCV  
  137  8:35  Supply Depot  
  137  8:37  Marauder x2  
  137  8:38  Marauder  
  141  8:49  Viking, Marine x4  
  141  8:52  Viking, Supply Depot  
  149  8:58  Marauder  
  149  9:01  Marauder x2  
  155  9:07  Marine x4  
  157  9:20  Marauder, Siege Tank  
  157  9:22  Marauder x2, Supply Depot  
  166  9:25  Marine x2  
  164  9:40  Marine x2  
  164  9:41  Marauder  
  164  9:43  Marine x2  
  164  9:44  Marauder x2  
  173  9:46  Orbital Command  
  173  9:51  Viking x2  
  173  9:52  Siege Tank  
  169  10:01  Marine x4  
  169  10:02  Marauder  
  169  10:05  Marauder x2  
  179  10:19  Marine x2  
  181  10:24  Marauder, Marine x2  
  181  10:26  Marine x2  
  172  10:37  Missile Turret  
  172  10:41  Supply Depot x2  
  169  10:43  Supply Depot x2  
  166  10:55  Viking, Marine x4  
  165  11:04  Marine  
  165  11:05  Viking, Siege Tank  
  168  11:13  Marine x2  
  168  11:14  Marauder  
  156  11:29  Medivac  
  137  11:33  Orbital Command  
  137  11:35  Medivac  
  139  11:43  Marine x4  
  139  11:44  Marauder x2  
  144  11:50  Siege Tank  
  144  11:51  Marauder  
  149  12:17  Missile Turret  
  149  12:27  Supply Depot  
  149  12:29  Supply Depot  
  149  12:32  Marine  
  149  12:49  Medivac, Marine  
  113  13:02  Marine x2  
  113  13:03  Marauder, Marine x3  
  112  13:18  Siege Tank  
  114  13:21  Marine  
  114  13:29  Marauder, Marine x2  
  118  13:35  Marine  
  118  13:36  Marauder  
  121  13:48  Marine x2  
  115  13:49  Marauder  
  115  13:52  Marine x2  
  118  13:55  Marine  
  118  13:57  Marine  
  120  14:14  Marine x2  
  120  14:15  Marauder, Marine x3  
  127  14:22  Marine  
  114  14:32  Marine x3  
  97  14:40  Marauder  
  89  14:48  Orbital Command  
Tags
 
Add a new tag
Caveats
  • Supply blocks, unpowered buildings, or Contaminate may cause inaccurate times.
  • Supply counts are checked every 10 seconds.